 Dungeon Crawl Stone Soup version 0.29.0-4-gdea44cf6ec (webtiles) character file.

Game seed: 4435437860858339334

15825 qw the Severer (level 12, -1/112 HPs)
             Began as a Minotaur Berserker on Sept 6, 2022.
             Was a Priest of Trog.
             Slain by a cane toad (15 damage)
             ... on level 2 of the Lair of Beasts.
             The game lasted 00:03:30 (13398 turns).

qw the Severer (Minotaur Berserker)                Turns: 13398, Time: 00:03:30

Health: -1/112     AC: 14    Str: 27    XL:     12   Next: 4%
Magic:  0/11       EV: 12    Int:  8    God:    Trog [***...]
Gold:   321        SH:  0    Dex: 10    Spells: 11/11 levels left

rFire   + . .      SeeInvis .   b - +8 mithril axe "Arga" {speed, Will+}
rCold   . . .      Faith    .   (no shield)
rNeg    . . .      Spirit   +   d - +3 scale mail {rF+}
rPois   +          Reflect  .   t - +0 hat {Will+}
rElec   .          Harm     .   (no cloak)
rCorr   .          Rampage  .   s - +2 pair of gloves
Will    ++...                   (no boots)
Stlth   ..........              p - amulet of guardian spirit
HPRegen 0.28/turn               n - ring of poison resistance
MPRegen 0.12/turn               q - +6 ring of dexterity

@: about to teleport, frozen, on berserk cooldown, slowed, very slow
A: horns 2, retaliatory headbutt, clever 1, clumsy 2
a: Renounce Religion, Berserk, Trog's Hand


You were on level 2 of the Lair of Beasts.
You worshipped Trog.
Trog was most pleased with you.
You visited 2 branches of the dungeon, and saw 10 of its levels.

You collected 681 gold pieces.
You spent 360 gold pieces at shops.


Innate Abilities, Weirdness & Mutations

You have a pair of horns on your head.
You reflexively headbutt those who attack you in melee.
Your mind is acute. (Int +4, Str/Dex -1)
You are very clumsy. (Dex -4)


   Skills:
 + Level 12.1 Fighting
 - Level 18.0 Axes
 - Level 3.9 Throwing
 - Level 7.1 Armour
 - Level 5.1 Dodging


You had 11 spell levels left.
You didn't know any spells.
Your spell library was empty.

Inventory:

Hand Weapons
 b - the +8 mithril axe "Arga" (weapon) {speed, Will+}
   (You acquired it on level 1 of the Dungeon)

   Attacks with this weapon are significantly faster.
   Will:      It increases your willpower.
 h - a +0 flail
Missiles
 m - a boomerang (quivered)
Armour
 a - the +1 chain mail of Elitism {+Blink rPois rC- Str-4}
   (You acquired it on level 1 of the Dungeon)

   Str:       It affects your strength (-4).
   rC:        It makes you vulnerable to cold.
   rPois:     It protects you from poison.
   +Blink:    It lets you blink.
 d - a +3 scale mail of fire resistance (worn)
 s - a +2 pair of gloves (worn)
 t - a +0 hat of willpower (worn)
Jewellery
 f - a ring of willpower
 n - a ring of poison resistance (left hand)
 p - an amulet of guardian spirit (around neck)
 q - a +6 ring of dexterity (right hand)
 r - a ring of protection from cold
 x - a ring of resist corrosion
Scrolls
 e - a scroll of butterflies {unknown}
 g - 5 scrolls of teleportation
 k - 3 scrolls of identify
 Y - 2 scrolls of enchant weapon
Potions
 c - a potion of haste
 i - 2 potions of curing
 j - a potion of might
 o - a potion of degeneration {unknown}
 u - 2 potions of heal wounds {unknown}
 v - a potion of lignification {unknown}
 w - a potion of mutation

Dungeon Overview and Level Annotations

Branches:
Dungeon (8/15)             Temple (0/1) D:4            Lair (2/5) D:8
  Swamp (0/4) Lair:2
  Snake: Lair:2-3    Spider: Lair:2-3

Altars:
Dithmenos
Makhleb
Nemelex Xobeh
Okawaru
Ru
Trog
Wu Jian
Yredelemnul

Shops:
D:5 =   D:7 :   D:8 (


Message History

The plant begins to die.
The lindwurm barely misses you.
The lindwurm claws you but does no damage.
The lindwurm closely misses you.
13396 ||| Stepping ~*~*~tactically~*~*~ (cloud).
A komodo dragon comes into view.
The komodo dragon hisses angrily.
The plant is engulfed in calcifying dust. x2
The catoblepas gores you!
The lindwurm is engulfed in calcifying dust.
The lindwurm is moving more slowly.
The lindwurm bites you! The lindwurm claws you! The lindwurm barely misses you.
The catoblepas gores you but does no damage.
The rime drake bites you but does no damage.
13397 ||| READING 6 scrolls of teleportation.
As you read the scroll of teleportation, it crumbles to dust.
You feel strangely unstable.
The plant is engulfed in calcifying dust.
The plant turns to stone!
The plant is engulfed in calcifying dust.
The plant turns to stone!
The rime drake barely misses you.
The catoblepas gores you but does no damage.
The lindwurm is engulfed in calcifying dust.
The lindwurm stops moving altogether!
The cane toad closely misses you. You furiously retaliate!
You headbutt the cane toad!
The helpless lindwurm fails to defend itself.
You slice the lindwurm!!
You headbutt the lindwurm, but do no damage.
The lindwurm is heavily wounded.
You slice the rime drake!! You hit the cane toad but do no damage.
You hit the catoblepas but do no damage.
The plant is engulfed in calcifying dust. x2
A nearby plant withers and dies.
The rime drake breathes ice at you. The flash freeze hits you!
You are encased in ice.
The lindwurm is engulfed in calcifying dust.
The catoblepas closely misses you. You furiously retaliate!
You headbutt the catoblepas, but do no damage.
The cane toad stings you!
You die...

## ~P. ###... .P..#$#.. ....#.#..
........ ###.....## 7##
.7#[...~.l. 7.. 7.###...kY###.7 #
7.......F@k...7 # 7.....#.#..¤..7
# 7.....# #..PPP7 ## #
7.~...###..P~¤7 ##. #
7PP....7...PPP7 ##.. # 7.7777777
##... # ### #####7.7#####
#######.... #77.77
77...........77#.7.7.#....
#7.7.777.###########.777.7.7#....


You could see a catoblepas, a lindwurm (petrified), a komodo dragon, a cane toad
and a rime drake (catching breath).

Vanquished Creatures
  Gastronok (Lair:1)
  Harold (Lair:1)
  4 hydras
  A boulder beetle (D:7)
  Pikel (D:6)
  3 oklob plants
  A black mamba (Lair:1)
  6 cane toads
  2 komodo dragons
  Grinder (D:6)
  12 yaks
  2 wyverns (D:8)
  3 basilisks
  2 steam dragons
  Menkaure (D:6)
  7 water moccasins
  4 swamp worms (Lair:2)
  An acid dragon (D:8)
  2 black bears
  An ice beast (D:8)
  5 wolves (Lair:1)
  2 ogres
  2 centaurs
  A kobold brigand (D:8)
  8 bullfrogs
  2 scorpions
  A necrophage (D:6)
  9 killer bees (D:7)
  An electric eel (Lair:2)
  2 jellies
  5 hounds
  A gnoll bouda (D:8)
  Terence (D:2)
  2 orc wizards
  Robin (D:2)
  19 gnolls
  9 adders
  A shadow imp (D:7)
  2 white imps
  2 ufetubi (D:5)
  3 worms
  A dart slug (D:2)
  15 orcs
  8 ball pythons
  3 bats
  7 endoplasms
  2 giant cockroaches (D:3)
  11 goblins
  11 hobgoblins
  7 jackals (D:1)
  9 kobolds
  5 quokkas
  A frilled lizard (D:3)
  4 rats
219 creatures vanquished.

Vanquished Creatures (others)
  3 fungi
  31 plants
34 creatures vanquished.

Grand Total: 253 creatures vanquished

Notes
Turn   | Place    | Note
-------+----------+-------------------------------------------
     0 | D:1      | qw the Minotaur Berserker began the quest for the Orb.
     0 | D:1      | Reached XP level 1. HP: 19/19 MP: 0/0
     0 | D:1      | 0 ||| qw: Version: 0.1-a-108-g9e35731
     0 | D:1      | 0 ||| qw: Game counter: 6381
     0 | D:1      | 0 ||| qw: Always use a shield: true
     0 | D:1      | 0 ||| qw: Do Orc after D:15 true
     0 | D:1      | 0 ||| qw: Do second Lair branch before Depths: true
     0 | D:1      | 0 ||| qw: Lair rune preference: random
     0 | D:1      | 0 ||| qw: Plans: Normal
     0 | D:1      | 0 ||| PLANNING D:1-11
   168 | D:1      | Found a faded altar of an unknown god.
   170 | D:1      | 170 ||| Stepping ~*~*~tactically~*~*~ (stealth).
   176 | D:1      | 176 ||| Stepping ~*~*~tactically~*~*~ (stealth).
   184 | D:1      | HP: 4/19 [jackal (2)]
   185 | D:1      | 185 ||| INVOKING Berserk.
   186 | D:1      | Reached skill level 4 in Axes
   189 | D:1      | Reached XP level 2. HP: 6/26 MP: 1/1
   801 | D:1      | 801 ||| Stepping ~*~*~tactically~*~*~ (stealth).
   953 | D:1      | 953 ||| Stepping ~*~*~tactically~*~*~ (stealth).
   954 | D:1      | 954 ||| Stepping ~*~*~tactically~*~*~ (stealth).
   962 | D:1      | Reached skill level 5 in Axes
  1339 | D:1      | 1339 ||| UPGRADING to +0 ring mail.
  1349 | D:1      | 1349 ||| DROPPING +0 animal skin.
  1350 | D:1      | 1350 ||| READING 2 scrolls labelled FOFEUV REIRGH.
  1350 | D:1      | Identified 2 scrolls of acquirement
  1350 | D:1      | 1350 ||| ACQUIRING +8 mithril axe "Arga" {speed, Will+}
  1350 | D:1      | Acquired the +8 mithril axe "Arga" {speed, Will+}
  1350 | D:1      | Found the +8 mithril axe "Arga" {speed, Will+}
  1352 | D:1      | 1352 ||| SWAPPING to +8 mithril axe "Arga" {speed, Will+}.
  1353 | D:1      | 1353 ||| DROPPING +0 hand axe.
  1354 | D:1      | 1354 ||| READING scroll of acquirement.
  1354 | D:1      | 1354 ||| ACQUIRING +1 chain mail of Elitism {+Blink rPois
                  | rC- Str-4}
  1354 | D:1      | Acquired the +1 chain mail of Elitism {+Blink rPois rC-
                  | Str-4}
  1356 | D:1      | 1356 ||| UPGRADING to +1 chain mail of Elitism {+Blink
                  | rPois rC- Str-4}.
  1366 | D:1      | 1366 ||| DROPPING +0 ring mail.
  1367 | D:1      | 1367 ||| READING 2 scrolls labelled CEMEIX DEPP.
  1368 | D:1      | 1368 ||| READING scroll labelled XIRHEE QOIPHUPS.
  1369 | D:1      | 1369 ||| DROPPING scroll of noise.
  1416 | D:2      | Noticed Terence
  1421 | D:2      | 1421 ||| INVOKING Berserk.
  1426 | D:2      | Killed Terence
  1427 | D:2      | Reached XP level 3. HP: 31/31 MP: 2/2
  1552 | D:2      | 1552 ||| DROPPING +0 whip.
  1710 | D:2      | Reached skill level 6 in Axes
  1710 | D:2      | Reached XP level 4. HP: 39/39 MP: 3/3
  1847 | D:2      | 1847 ||| Stepping ~*~*~tactically~*~*~ (stealth).
  1855 | D:2      | Reached ** piety under Trog
  2025 | D:2      | 2025 ||| Stepping ~*~*~tactically~*~*~ (stealth).
  2104 | D:2      | Noticed Robin
  2121 | D:2      | 2121 ||| INVOKING Berserk.
  2122 | D:2      | Killed Robin
  2123 | D:2      | Reached skill level 7 in Axes
  2123 | D:2      | Reached XP level 5. HP: 45/45 MP: 4/4
  2364 | D:2      | 2364 ||| UPGRADING to +3 scale mail of fire resistance.
  2374 | D:2      | 2374 ||| READING scroll labelled ULISTR ACHONO.
  2375 | D:2      | 2375 ||| READING scroll labelled QON ASSEFA.
  2378 | D:2      | 2378 ||| DRINKING 2 grey potions.
  2379 | D:2      | 2379 ||| DROPPING potion of invisibility.
  2550 | D:3      | 2550 ||| Stepping ~*~*~tactically~*~*~ (stealth).
  2891 | D:3      | 2891 ||| Stepping ~*~*~tactically~*~*~ (hiding).
  2897 | D:3      | 2897 ||| INVOKING Berserk.
  2968 | D:3      | 2968 ||| Stepping ~*~*~tactically~*~*~ (stealth).
  2970 | D:3      | 2970 ||| Stepping ~*~*~tactically~*~*~ (hiding).
  2975 | D:3      | 2975 ||| INVOKING Berserk.
  3094 | D:3      | 3094 ||| Stepping ~*~*~tactically~*~*~ (stealth).
  3095 | D:3      | 3095 ||| Stepping ~*~*~tactically~*~*~ (stealth).
  3127 | D:3      | 3127 ||| DROPPING +2 vorpal mace.
  3373 | D:4      | 3373 ||| STAIRDANCE
  3455 | D:4      | Noticed a black bear
  3456 | D:4      | 3456 ||| Stepping ~*~*~tactically~*~*~ (stealth).
  3458 | D:4      | 3458 ||| INVOKING Berserk.
  3461 | D:4      | Killed a black bear
  3462 | D:4      | Reached skill level 8 in Axes
  3462 | D:4      | Reached XP level 6. HP: 52/52 MP: 5/5
  3672 | D:4      | 3672 ||| Stepping ~*~*~tactically~*~*~ (stealth).
  3676 | D:4      | 3676 ||| Stepping ~*~*~tactically~*~*~ (stealth).
  3677 | D:4      | 3677 ||| Stepping ~*~*~tactically~*~*~ (stealth).
  3678 | D:4      | 3678 ||| Stepping ~*~*~tactically~*~*~ (stealth).
  3679 | D:4      | 3679 ||| Stepping ~*~*~tactically~*~*~ (stealth).
  3688 | D:4      | 3688 ||| INVOKING Berserk.
  3690 | D:4      | Reached skill level 9 in Axes
  3705 | D:4      | 3705 ||| Stepping ~*~*~tactically~*~*~ (stealth).
  3706 | D:4      | 3706 ||| Stepping ~*~*~tactically~*~*~ (stealth).
  3708 | D:4      | 3708 ||| Stepping ~*~*~tactically~*~*~ (stealth).
  3749 | D:4      | 3749 ||| Stepping ~*~*~tactically~*~*~ (stealth).
  3750 | D:4      | 3750 ||| Stepping ~*~*~tactically~*~*~ (stealth).
  3751 | D:4      | 3751 ||| Stepping ~*~*~tactically~*~*~ (stealth).
  3752 | D:4      | 3752 ||| Stepping ~*~*~tactically~*~*~ (stealth).
  3757 | D:4      | 3757 ||| Stepping ~*~*~tactically~*~*~ (stealth).
  3807 | D:4      | 3807 ||| INVOKING Berserk.
  3819 | D:4      | 3819 ||| Stepping ~*~*~tactically~*~*~ (hiding).
  3983 | D:4      | Found a staircase to the Ecumenical Temple.
  4114 | D:4      | 4114 ||| UPGRADING to ring of poison resistance.
  4115 | D:4      | 4115 ||| READING 2 scrolls labelled HAUNYL BU AMA.
  4116 | D:4      | 4116 ||| READING 2 scrolls labelled QUODDOC VITETI.
  4261 | D:4      | 4261 ||| READING scroll labelled JICVYAJ GYNWO.
  4262 | D:4      | 4262 ||| READING scroll labelled NOTHYE TIHOFRU.
  4263 | D:4      | 4263 ||| DROPPING scroll of torment.
  4295 | D:5      | Entered Level 5 of the Dungeon
  4405 | D:5      | Found a burning altar of Makhleb.
  4407 | D:5      | Found a shadowy altar of Dithmenos.
  4418 | D:5      | Found a sparkling altar of Nemelex Xobeh.
  4419 | D:5      | Found an iron altar of Okawaru.
  4424 | D:5      | Found an ornate altar of the Wu Jian Council.
  4660 | D:5      | Reached XP level 7. HP: 60/60 MP: 6/6
  4750 | D:5      | Reached *** piety under Trog
  4751 | D:5      | Reached skill level 1 in Throwing
  4797 | D:5      | 4797 ||| Stepping ~*~*~tactically~*~*~ (stealth).
  4801 | D:5      | 4801 ||| INVOKING Berserk.
  4972 | D:5      | 4972 ||| Stepping ~*~*~tactically~*~*~ (stealth).
  5041 | D:5      | Found Rase Afeat's Jewellery Shop.
  5049 | D:5      | 5049 ||| SHOPLISTING +4 ring of protection (432 gold, have
                  | 362).
  5049 | D:5      | 5049 ||| SHOPLISTING +6 ring of strength (432 gold, have
                  | 362).
  5049 | D:5      | 5049 ||| BUYING amulet of guardian spirit (360 gold).
  5049 | D:5      | Bought an amulet of guardian spirit for 360 gold pieces
  5049 | D:5      | 5049 ||| SHOPLISTING ring "Ykkur" {rC+ Will+ Dex+6} (667
                  | gold, have 2).
  5049 | D:5      | 5049 ||| SHOPLISTING ring of Qokoir {rCorr MP+9 SInv} (558
                  | gold, have 2).
  5049 | D:5      | 5049 ||| SHOPLISTING ring of positive energy (240 gold,
                  | have 2).
  5049 | D:5      | 5049 ||| SHOPLISTING ring of protection from cold (300
                  | gold, have 2).
  5049 | D:5      | 5049 ||| SHOPLISTING ring of see invisible (180 gold, have
                  | 2).
  5131 | D:5      | 5131 ||| Stepping ~*~*~tactically~*~*~ (stealth).
  5227 | D:5      | 5227 ||| UPGRADING to amulet of guardian spirit.
  5232 | D:5      | 5232 ||| READING 2 scrolls labelled VIOMOCL SOUT.
  5233 | D:5      | 5233 ||| READING scroll labelled VAEGIKLANU.
  5234 | D:5      | 5234 ||| DRINKING 2 sedimented clear potions.
  5234 | D:5      | Gained mutation: You have hidden genetic defects. [potion
                  | of mutation]
  5234 | D:5      | Gained mutation: You are resistant to electric shocks.
                  | (rElec) [potion of mutation]
  5235 | D:5      | 5235 ||| DROPPING scroll of amnesia.
  5269 | D:6      | 5269 ||| Stepping ~*~*~tactically~*~*~ (stealth).
  5275 | D:6      | Reached skill level 10 in Axes
  5292 | D:6      | Gained mutation: You are frail. (-10% HP) [hidden defects]
  5293 | D:6      | 5293 ||| DRINKING potion of mutation.
  5293 | D:6      | Lost mutation: You are frail. (-10% HP) [potion of
                  | mutation]
  5293 | D:6      | Lost mutation: You have hidden genetic defects. [potion of
                  | mutation]
  5293 | D:6      | Lost mutation: You are resistant to electric shocks.
                  | (rElec) [potion of mutation]
  5293 | D:6      | Gained mutation: You are clumsy. (Dex -2) [potion of
                  | mutation]
  5293 | D:6      | Gained mutation: You are very clumsy. (Dex -4) [potion of
                  | mutation]
  5293 | D:6      | Gained mutation: Your mind is acute. (Int +4, Str/Dex -1)
                  | [potion of mutation]
  5363 | D:6      | Noticed Menkaure
  5364 | D:6      | 5364 ||| Stepping ~*~*~tactically~*~*~ (hiding).
  5369 | D:6      | 5369 ||| INVOKING Berserk.
  5371 | D:6      | Killed Menkaure
  5522 | D:6      | Reached skill level 6 in Fighting
  5522 | D:6      | Reached XP level 8. HP: 69/70 MP: 7/7
  5782 | D:6      | 5782 ||| Stepping ~*~*~tactically~*~*~ (hiding).
  5783 | D:6      | 5783 ||| Stepping ~*~*~tactically~*~*~ (hiding).
  5785 | D:6      | 5785 ||| Stepping ~*~*~tactically~*~*~ (hiding).
  5792 | D:6      | 5792 ||| Stepping ~*~*~tactically~*~*~ (stealth).
  5813 | D:6      | 5813 ||| Stepping ~*~*~tactically~*~*~ (stealth).
  5816 | D:6      | 5816 ||| INVOKING Berserk.
  5850 | D:6      | Noticed Pikel
  5851 | D:6      | 5851 ||| Stepping ~*~*~tactically~*~*~ (stealth).
  5854 | D:6      | Killed Pikel
  5855 | D:6      | Reached skill level 12 in Axes
  5912 | D:6      | 5912 ||| Stepping ~*~*~tactically~*~*~ (stealth).
  5955 | D:6      | Found a sacrificial altar of Ru.
  6005 | D:6      | 6005 ||| Stepping ~*~*~tactically~*~*~ (stealth).
  6007 | D:6      | 6007 ||| Stepping ~*~*~tactically~*~*~ (hiding).
  6098 | D:6      | Found a basalt altar of Yredelemnul.
  6300 | D:6      | Noticed Grinder
  6301 | D:6      | 6301 ||| INVOKING Trog's Hand.
  6302 | D:6      | 6302 ||| INVOKING Berserk.
  6309 | D:6      | Killed Grinder
  6313 | D:6      | 6313 ||| STAIRDANCE
  6416 | D:5      | 6416 ||| UPGRADING to +1 pair of gloves.
  6421 | D:5      | 6421 ||| UPGRADING to ring of willpower.
  6422 | D:5      | 6422 ||| READING scroll labelled PEPSEAJENO.
  6423 | D:5      | 6423 ||| READING scroll labelled YSUCWONLYS.
  6764 | D:7      | Noticed a boulder beetle
  6768 | D:7      | 6768 ||| INVOKING Berserk.
  6772 | D:7      | Killed a boulder beetle
  6773 | D:7      | Reached skill level 6 in Armour
  6773 | D:7      | Reached XP level 9. HP: 80/80 MP: 5/8
  6901 | D:7      | 6901 ||| Stepping ~*~*~tactically~*~*~ (hiding).
  6934 | D:7      | 6934 ||| INVOKING Berserk.
  6955 | D:7      | 6955 ||| Stepping ~*~*~tactically~*~*~ (stealth).
  6956 | D:7      | 6956 ||| Stepping ~*~*~tactically~*~*~ (stealth).
  6983 | D:7      | Reached skill level 13 in Axes
  7054 | D:7      | 7054 ||| Stepping ~*~*~tactically~*~*~ (stealth).
  7116 | D:7      | Found Omofa's Book Shop.
  7211 | D:7      | Reached skill level 3 in Throwing
  7483 | D:7      | 7483 ||| Stepping ~*~*~tactically~*~*~ (hiding).
  7937 | D:7      | 7937 ||| Stepping ~*~*~tactically~*~*~ (stealth).
  8182 | D:7      | 8182 ||| UPGRADING to +6 ring of dexterity.
  8184 | D:7      | 8184 ||| DRINKING 2 red potions.
  8185 | D:7      | 8185 ||| DROPPING potion of flight.
  8300 | D:8      | Found a bloodstained altar of Trog.
  8351 | D:8      | Reached skill level 3 in Dodging
  8433 | D:8      | 8433 ||| FLEEEEING.
  8434 | D:8      | 8434 ||| FLEEEEING.
  8435 | D:8      | 8435 ||| FLEEEEING.
  8436 | D:8      | 8436 ||| FLEEEEING.
  8439 | D:8      | 8439 ||| FLEEEEING.
  8440 | D:8      | 8440 ||| FLEEEEING.
  8441 | D:8      | 8441 ||| FLEEEEING.
  8442 | D:8      | 8442 ||| FLEEEEING.
  8443 | D:8      | 8443 ||| FLEEEEING.
  8445 | D:8      | 8445 ||| FLEEEEING.
  8447 | D:8      | 8447 ||| FLEEEEING.
  8448 | D:8      | 8448 ||| FLEEEEING.
  8449 | D:8      | 8449 ||| FLEEEEING.
  8450 | D:8      | 8450 ||| Stepping ~*~*~tactically~*~*~ (hiding).
  8451 | D:8      | 8451 ||| Stepping ~*~*~tactically~*~*~ (hiding).
  8460 | D:8      | Reached XP level 10. HP: 75/88 MP: 9/9
  8535 | D:8      | 8535 ||| Stepping ~*~*~tactically~*~*~ (stealth).
  8538 | D:8      | 8538 ||| Stepping ~*~*~tactically~*~*~ (stealth).
  8543 | D:8      | Reached skill level 14 in Axes
  8685 | D:8      | 8685 ||| Stepping ~*~*~tactically~*~*~ (stealth).
  8687 | D:8      | 8687 ||| Stepping ~*~*~tactically~*~*~ (hiding).
  8689 | D:8      | 8689 ||| Stepping ~*~*~tactically~*~*~ (hiding).
  8847 | D:8      | 8847 ||| FLEEEEING.
  8848 | D:8      | 8848 ||| FLEEEEING.
  8849 | D:8      | 8849 ||| FLEEEEING.
  8850 | D:8      | 8850 ||| FLEEEEING.
  8851 | D:8      | 8851 ||| FLEEEEING.
  8852 | D:8      | 8852 ||| FLEEEEING.
  8854 | D:8      | 8854 ||| FLEEEEING.
  8855 | D:8      | 8855 ||| FLEEEEING.
  8856 | D:8      | 8856 ||| Stepping ~*~*~tactically~*~*~ (hiding).
  8861 | D:8      | 8861 ||| INVOKING Berserk.
  9112 | D:8      | Found a staircase to the Lair.
  9118 | D:8      | Reached **** piety under Trog
  9127 | D:8      | 9127 ||| Stepping ~*~*~tactically~*~*~ (stealth).
  9134 | D:8      | Found Huyjaa Ocsi's Weapon Boutique.
  9333 | D:8      | 9333 ||| PLANNING LAIR
  9333 | D:8      | 9333 ||| READING 3 scrolls labelled ZIL FUGHUINY.
  9334 | D:8      | 9334 ||| READING scroll labelled PUREIHUISM.
  9435 | D:8      | 9435 ||| READING scroll labelled SEONKE WENOBB.
  9436 | D:8      | 9436 ||| READING 4 scrolls of identify.
  9436 | D:8      | 9436 ||| IDENTIFYING metallic black potion
  9437 | D:8      | 9437 ||| READING 3 scrolls of identify.
  9437 | D:8      | 9437 ||| IDENTIFYING metallic coppery potion
  9438 | D:8      | 9438 ||| READING 2 scrolls of identify.
  9438 | D:8      | 9438 ||| IDENTIFYING dark potion
  9439 | D:8      | 9439 ||| DROPPING potion of magic.
  9440 | D:8      | 9440 ||| DROPPING 2 scrolls of blinking.
  9501 | Lair:1   | Entered Level 1 of the Lair of Beasts
  9539 | Lair:1   | 9539 ||| INVOKING Berserk.
  9543 | Lair:1   | Reached skill level 15 in Axes
  9658 | Lair:1   | Noticed a black mamba
  9659 | Lair:1   | 9659 ||| Stepping ~*~*~tactically~*~*~ (stealth).
  9660 | Lair:1   | 9660 ||| INVOKING Berserk.
  9663 | Lair:1   | Killed a black mamba
  9787 | Lair:1   | Reached skill level 9 in Fighting
  9947 | Lair:1   | Noticed Gastronok
  9948 | Lair:1   | 9948 ||| Stepping ~*~*~tactically~*~*~ (hiding).
  9957 | Lair:1   | 9957 ||| INVOKING Berserk.
  9962 | Lair:1   | Killed Gastronok
  9963 | Lair:1   | Reached skill level 16 in Axes
 10130 | Lair:1   | 10130 ||| Stepping ~*~*~tactically~*~*~ (stealth).
 10132 | Lair:1   | 10132 ||| Stepping ~*~*~tactically~*~*~ (stealth).
 10153 | Lair:1   | Reached XP level 11. HP: 84/97 MP: 7/10
 10164 | Lair:1   | Noticed Harold
 10167 | Lair:1   | 10167 ||| INVOKING Berserk.
 10173 | Lair:1   | Killed Harold
 10174 | Lair:1   | Reached skill level 17 in Axes
 10324 | Lair:1   | 10324 ||| READING scroll of enchant armour.
 10324 | Lair:1   | 10324 ||| ENCHANTING +1 pair of gloves.
 10472 | Lair:1   | Noticed a six-headed hydra
 10473 | Lair:1   | 10473 ||| INVOKING Brothers in Arms.
 10474 | Lair:1   | 10474 ||| INVOKING Brothers in Arms.
 10475 | Lair:1   | 10475 ||| INVOKING Brothers in Arms.
 10476 | Lair:1   | 10476 ||| INVOKING Brothers in Arms.
 10477 | Lair:1   | 10477 ||| SWAPPING to +0 flail.
 10478 | Lair:1   | 10478 ||| INVOKING Berserk.
 10483 | Lair:1   | Killed a six-headed hydra
 10506 | Lair:1   | 10506 ||| SWAPPING to +8 mithril axe "Arga" {speed, Will+}.
 10750 | Lair:1   | Noticed an oklob plant
 10751 | Lair:1   | Noticed an oklob plant
 10755 | Lair:1   | 10755 ||| INVOKING Berserk.
 10764 | Lair:1   | HP: 31/148 [oklob plant/splash of acid (15)]
 10766 | Lair:1   | Killed an oklob plant
 11067 | Lair:1   | 11067 ||| INVOKING Berserk.
 11074 | Lair:1   | Killed an oklob plant
 11338 | Lair:1   | 11338 ||| UPGRADING to +0 hat of willpower.
 11343 | Lair:1   | 11343 ||| READING 3 scrolls labelled QAARIH DEDDEOT.
 11344 | Lair:1   | 11344 ||| READING 2 scrolls of identify.
 11344 | Lair:1   | 11344 ||| IDENTIFYING viscous green potion
 11414 | Lair:2   | 11414 ||| STAIRDANCE
 11477 | Lair:2   | 11477 ||| STAIRDANCE
 11599 | Lair:2   | 11599 ||| Stepping ~*~*~tactically~*~*~ (stealth).
 11602 | Lair:2   | 11602 ||| INVOKING Berserk.
 11760 | Lair:2   | 11760 ||| INVOKING Berserk.
 11907 | Lair:2   | Noticed an oklob plant
 11913 | Lair:2   | 11913 ||| INVOKING Berserk.
 11918 | Lair:2   | Killed an oklob plant
 11919 | Lair:2   | Reached skill level 18 in Axes
 12046 | Lair:2   | 12046 ||| INVOKING Berserk.
 12168 | Lair:2   | Noticed an oklob plant
 12169 | Lair:2   | 12169 ||| FLEEEEING.
 12375 | Lair:2   | 12375 ||| INVOKING Berserk.
 12394 | Lair:2   | 12394 ||| Stepping ~*~*~tactically~*~*~ (stealth).
 12480 | Lair:2   | 12480 ||| INVOKING Berserk.
 12712 | Lair:2   | 12712 ||| INVOKING Berserk.
 12820 | Lair:2   | Found a staircase to the Swamp.
 12821 | Lair:2   | 12821 ||| Stepping ~*~*~tactically~*~*~ (hiding).
 12826 | Lair:2   | 12826 ||| INVOKING Berserk.
 12940 | Lair:2   | 12940 ||| INVOKING Berserk.
 13105 | Lair:2   | Noticed an eight-headed hydra
 13109 | Lair:2   | 13109 ||| SWAPPING to +0 flail.
 13110 | Lair:2   | 13110 ||| INVOKING Berserk.
 13114 | Lair:2   | Killed an eight-headed hydra
 13122 | Lair:2   | 13122 ||| SWAPPING to +8 mithril axe "Arga" {speed, Will+}.
 13319 | Lair:2   | Noticed a five-headed hydra
 13320 | Lair:2   | 13320 ||| Stepping ~*~*~tactically~*~*~ (stealth).
 13322 | Lair:2   | 13322 ||| SWAPPING to +0 flail.
 13323 | Lair:2   | 13323 ||| Stepping ~*~*~tactically~*~*~ (stealth).
 13324 | Lair:2   | 13324 ||| INVOKING Berserk.
 13328 | Lair:2   | Killed a five-headed hydra
 13336 | Lair:2   | 13336 ||| SWAPPING to +8 mithril axe "Arga" {speed, Will+}.
 13354 | Lair:2   | Reached skill level 12 in Fighting
 13373 | Lair:2   | Noticed a four-headed hydra
 13374 | Lair:2   | Noticed a catoblepas
 13376 | Lair:2   | 13376 ||| Stepping ~*~*~tactically~*~*~ (cloud).
 13377 | Lair:2   | 13377 ||| SWAPPING to +0 flail.
 13378 | Lair:2   | 13378 ||| INVOKING Berserk.
 13383 | Lair:2   | Killed a four-headed hydra
 13384 | Lair:2   | Reached XP level 12. HP: 112/112 MP: 8/11
 13392 | Lair:2   | 13392 ||| SWAPPING to +8 mithril axe "Arga" {speed, Will+}.
 13396 | Lair:2   | 13396 ||| Stepping ~*~*~tactically~*~*~ (cloud).
 13396 | Lair:2   | HP: 26/112 [lindwurm (6)]
 13397 | Lair:2   | 13397 ||| READING 6 scrolls of teleportation.
 13398 | Lair:2   | Slain by a cane toad

Levels and vault maps discovered:
D:1:      evilmike_arrival_fibonacci_small, layout_basic,
          ebering_ecumenical_altar_rust, minivault_4
D:2:      layout_loops_ring, kennysheep_flooded_box, uniq_robin, uniq_terence
D:3:      layout_loops_cross, serial_park_tiny_pond
D:4:      layout_rooms, minmay_temple_entry_antechambers, st_stairs_9
D:5:      layout_basic, grunt_temple_overflow_open, serial_shops,
          nicolae_square_shop, minmay_misc_feat_encased
D:6:      layout_loops_corners, kennysheep_mini, lemuel_crystal_altar,
          st_stairs_13, uniq_pikel, uniq_grinder, uniq_menkaure
D:7:      layout_basic, serial_shops, nicolae_diamond_shop
D:8:      layout_gridville, mainiacjoe_overflow_24_doors, david_lair_generic,
          serial_shops, nicolae_shop_hallway_stairs
Lair:1:   dpeg_oklob_gauntlet, layout_loops_ring, uniq_gastronok, uniq_harold
Lair:2:   nzn_winding_woodlands_large [nzn_winding_woodlands_5x5_cross,
          nzn_winding_woodlands_5x15_pool, nzn_winding_woodlands_5x5_open_star,
          nzn_winding_woodlands_center_diamonds,
          nzn_winding_woodlands_15x15_five_gardens,
          nzn_winding_woodlands_center_lodge,
          nzn_winding_woodlands_5x5_checkerboard,
          nzn_winding_woodlands_5x15_longhouse,
          nzn_winding_woodlands_5x5_closed_star], layout_cave_pods,
          nicolae_swamp_entry_splash_gauntlet, st_stairs_12

Skill      XL: |  1  2  3  4  5  6  7  8  9 10 11 |
---------------+----------------------------------+-----
Axes           | 4 5 6 7 8 9 10 12 13 16 18 | 18.0
Fighting       | 4 6 7 8 9 12 | 12.1
Throwing       | 2 3 |  3.9
Armour         | 6 7 |  7.1
Dodging        | 3 5 |  5.1

Action                   |  1- 3 |  4- 6 |  7- 9 | 10-12 || total
-------------------------+-------+-------+-------+-------++-------
Melee: Hand axe          |    47 |       |       |       ||    47
       Headbutt          |     6 |     7 |    18 |    47 ||    78
       Broad axe         |    12 |    95 |   129 |   166 ||   402
       Punch             |     1 |     1 |       |     5 ||     7
       Flail             |       |       |       |    22 ||    22
Throw: Boomerang         |       |     4 |     5 |    39 ||    48
       Javelin           |       |     1 |    27 |    10 ||    38
Invok: Berserk           |     2 |     6 |     6 |    20 ||    34
       Trog's Hand       |       |       |     1 |       ||     1
       Brothers in Arms  |       |       |       |     1 ||     1
  Use: Scroll            |     4 |     6 |     4 |    10 ||    24
       Potion            |       |     1 |     3 |       ||     4
 Stab: Petrified         |       |       |       |     1 ||     1
Armor: Animal skin       |    12 |       |       |       ||    12
       Chain mail        |     1 |    22 |       |       ||    23
       Scale mail        |       |     9 |    43 |    57 ||   109
Dodge: Dodged            |    26 |    28 |    39 |    64 ||   157

Table legend:
 A = Non-vault XP
 B = Vault XP
 C = Vault XP percentage of total XP
 D = Non-vault monster count
 E = Vault monster count
 F = Vault count percentage of total count
                 A         B        C        D         E       F
            +---------+---------+-------+---------+---------+-------
      Total |   12960 |    9648 |  42.7 |     176 |      43 |  19.6
            +---------+---------+-------+---------+---------+-------
        D:1 |      37 |       0 |   0.0 |      20 |       0 |   0.0
        D:2 |     114 |      76 |  40.0 |      17 |      13 |  43.3
        D:3 |      70 |       0 |   0.0 |      17 |       0 |   0.0
        D:4 |     311 |     120 |  27.8 |      22 |       3 |  12.0
        D:5 |     346 |       0 |   0.0 |      15 |       0 |   0.0
        D:6 |     364 |    1228 |  77.1 |      10 |       5 |  33.3
        D:7 |    2167 |       0 |   0.0 |      20 |       0 |   0.0
        D:8 |    1471 |     712 |  32.6 |      24 |       4 |  14.3
     Lair:1 |    4809 |    3438 |  41.7 |      21 |       4 |  16.0
     Lair:2 |    3271 |    4074 |  55.5 |      10 |      14 |  58.3
            +---------+---------+-------+---------+---------+-------
